 Seeded DCSS version 0.31-a0-175-g9f7f995f2b (webtiles) character file.

Game seed: 13686468532733257171 (custom seed)

109 innerfire43 the Cutter (level 4, -5/35 HPs)
             Began as a Demonspawn Monk on June 17, 2023.
             Slain by an orc
             ... wielding a +2 short sword of electrocution
              (15 damage)
             ... on level 3 of the Dungeon.
             The game lasted 00:02:52 (2125 turns).

innerfire43 the Cutter (Demonspawn Monk)            Turns: 2125, Time: 00:02:53

Health: -5/35      AC:  5    Str: 13    XL:     4   Next: 59%
Magic:  4/4        EV: 13    Int: 11    God:
Gold:   190        SH:  0    Dex: 16    Spells: 3/3 levels left

rFire   . . .        j - +1 dagger (speed)
rCold   . . .        d - orb {light}
rNeg    . . .        b - +0 robe
rPois   .            l - +1 helmet
rElec   .            (no cloak)
rCorr   .            f - +0 pair of gloves
SInv    .            (no boots)
Will    .....        (no amulet)
Stlth   +            (no ring)
HPRegen 0.25/turn    (no ring)
MPRegen 0.09/turn

%: no passive effects
@: confused, glowing
A: foul stench 1, demonic touch 1
a: no special abilities


You were on level 3 of the Dungeon.
You visited 1 branch of the dungeon, and saw 3 of its levels.

You collected 190 gold pieces.

Inventory:

Hand Weapons
 a - a +0 short sword
 j - a +1 dagger of speed (weapon)
Armour
 b - a +0 robe (worn)
 d - an orb of light (worn)
 f - a +0 pair of gloves (worn)
 l - a +1 helmet (worn)
Jewellery
 o - a +5 ring of evasion
Wands
 s - a wand of flame (9)
Scrolls
 h - a scroll of immolation {unknown}
 i - a scroll of butterflies {unknown}
 m - 3 scrolls of identify {unknown}
 p - a scroll of noise {unknown}
 q - a scroll of revelation {unknown}
Potions
 c - a potion of ambrosia
 g - a potion of haste {unknown}
 k - 3 potions of heal wounds {unknown}
 n - a potion of magic {unknown}
 r - 2 potions of degeneration {unknown}


   Skills:
 + Level 3.5 Fighting
 * Level 4.1 Short Blades
 + Level 3.3 Dodging


You had 3 spell levels left.
You didn't know any spells.
Your spell library contained the following spells:

 Spells                   Type           Power      Damage    Failure   Level
 Gell's Gravitas          Tloc           0%         N/A       71%         3
 Teleport Other           Tloc           0%         N/A       71%         3
 Petrify                  Tmut/Erth      0%         N/A       98%         4
 Metabolic Englaciation   Hex/Ice        0%         N/A       100%        5
 Dispersal                Tloc           0%         N/A       100%        6
 Statue Form              Tmut/Erth      0%         N/A       100%        6


Dungeon Overview and Level Annotations

Branches:
Dungeon (3/15)

Altars:


Innate Abilities, Weirdness & Mutations

You may rarely emit foul miasma when damaged in melee.
Your touch may inflict minor irresistible damage on your foes.


Message History

Your Short Blades skill increases to level 4!
Things that are here:
a +0 mace; a +0 ring mail The orc wizard closely misses you.
You hit the orc wizard.
The orc wizard is moderately wounded.
The orc barely misses you.
The orc wizard hits you but does no damage.
You hit the orc wizard.
The orc wizard is moderately wounded.
You hit the orc wizard but do no damage.
The orc wizard is moderately wounded.
The orc hits you with a +2 short sword of electrocution.
The orc wizard misses you.
You hit the orc wizard but do no damage.
The orc wizard is moderately wounded.
You hit the orc wizard.
The orc wizard is heavily wounded.
The orc wizard misses you. The orc misses you.
You completely miss the orc wizard.
The orc wizard is moderately wounded.
The orc closely misses you. The orc wizard barely misses you.
You hit the orc.
The orc is heavily wounded.
The orc misses you.
The orc wizard gestures at you while chanting.
The magic dart hits you.
You hit the orc but do no damage.
The orc is heavily wounded.
You hit the orc but do no damage.
The orc is heavily wounded.
The orc wizard gestures at you while chanting.
You are confused.
The orc misses you.
You hit the orc.
The orc is almost dead.
The orc hits you with a +2 short sword of electrocution.
* * * LOW HITPOINT WARNING * * *
You are electrocuted!
You die...

.#..#..##[.#..#...#
....#.(##..#..#.#.#
....#...)..#..#.#.#
....##.....#.##.#.##
.....###†....#...(†#####
.....(......##.#)).....#
...###)...###..#.o.....#
.#.. ######..!##.o.....#
..... ..#. #@......#
..#### #.###. ######.##
#. # #. #....# #. ##
#...#.... #.#o.. ##
..#..## ###... ... .o.o


You could see an orc wizard and an orc.

Vanquished Creatures
  An orc wizard (D:3)
  A gnoll (D:3)
  2 adders
  2 dart slugs
  An orc (D:3)
  5 bats
  5 endoplasms
  2 giant cockroaches
  4 goblins
  6 hobgoblins
  3 jackals (D:2)
  4 kobolds
  A quokka (D:2)
  5 ball pythons
  3 frilled lizards
  A rat (D:3)
46 creatures vanquished.

Notes
Turn   | Place    | Note
-------+----------+-------------------------------------------
     0 | D:1      | innerfire43 the Demonspawn Monk began the quest for the
                  | Orb.
     0 | D:1      | Reached XP level 1. HP: 18/18 MP: 1/1
   176 | D:1      | Gained mutation: You may rarely emit foul miasma when
                  | damaged in melee. [demonic ancestry]
   176 | D:1      | Reached XP level 2. HP: 22/24 MP: 2/2
   213 | D:1      | Reached skill level 3 in Short Blades
  1129 | D:2      | Reached XP level 3. HP: 26/29 MP: 3/3
  1954 | D:3      | Gained mutation: Your touch may inflict minor irresistible
                  | damage on your foes. [demonic ancestry]
  1954 | D:3      | Reached XP level 4. HP: 27/35 MP: 4/4
  2113 | D:3      | Reached skill level 4 in Short Blades
  2125 | D:3      | Slain by an orc

Illustrated notes

Levels and vault maps discovered:
D:1:      lordsloth_arrival_two_stooges, layout_basic, serial_corexii_hall,
          corexii_hall_statues_l, corexii_hall_statues_x
D:2:      layout_loops_corners, minmay_tall_x
D:3:      layout_rooms, minmay_randomly_rotated_circles

Skill      XL: |  1  2  3  4 |
---------------+-------------+-----
Short Blades   | 3 4 |  4.1
Dodging        | 3 |  3.3
Fighting       | |  3.5

Action                     |  1- 3 |  4- 6 || total
---------------------------+-------+-------++-------
  Melee: Short sword       |    27 |       ||    27
         Dagger            |   135 |    29 ||   164
    Use: Scroll            |       |     1 ||     1
 Armour: Robe              |    32 |     2 ||    34
  Dodge: Dodged            |   105 |    14 ||   119

Table legend: (Time is in decaauts)
 A = Elapsed time spent in this place.
 B = Non-inter-level travel time spent in this place.
 C = Inter-level travel time spent in this place.
 D = Time resting spent in this place.
 E = Time spent auto-exploring this place.
 F = Levels seen in this place.
 G = Mean time per level.
                   A        B        C        D        E       F      G
               +--------+--------+--------+--------+--------+-----+--------+
         Total |   2046 |   1956 |     90 |      0 |   1631 |   3 |  682.0 |
       Dungeon |   2046 |   1956 |     90 |      0 |   1631 |   3 |  682.0 |
               +--------+--------+--------+--------+--------+-----+--------+

Top non-repeatable levels by time:
     D:1: 984 daAuts
     D:2: 870 daAuts
     D:3: 191 daAuts
